 Dungeon Crawl Stone Soup version 0.30-a0-782-ge64f9170bb (webtiles) character file.

Game seed: 9947659935316648792

265 theswoord the Chopper (level 5, 0/61 HPs)
             Began as a Demonspawn Cinder Acolyte on Mar 16, 2023.
             Was an Elder of Ignis.
             Succumbed to Terence's poison
             ... on level 3 of the Dungeon.
             The game lasted 00:02:52 (1797 turns).

theswoord the Chopper (Demonspawn Cinder Acolyte)   Turns: 1797, Time: 00:02:53

Health: 0/61       AC: 29    Str: 13 (16) XL:     5   Next: 99%
Magic:  15/15      EV:  2    Int: 14 (16) God:    Ignis [****..]
Gold:   75         SH:  5    Dex:  5 (8)  Spells: 6/6 levels left

rFire   + . .      SeeInvis .    c - +0 hand axe
rCold   . . .      Faith    .    (no shield)
rNeg    . . .      Spirit   .    (body armour currently unavailable)
rPois   +          Reflect  +    (helmet currently unavailable)
rElec   .          Harm     .    (cloak currently unavailable)
rCorr   .          Rampage  .    (gloves currently unavailable)
Will    .....      NoTele   +    (boots currently unavailable)
Stlth   +                        j - amulet of reflection
HPRegen 0.30/turn                m - ring of magical power
MPRegen 0.14/turn                (no ring)

@: brilliant, lethally poisoned (0 -> -1), tree-form, on berserk cooldown,
attractive, fiery-armoured, hasted and slowed
A: stationary, stasis, torment immunity, boosted hp, (claws 1), (yellow scales
1), (spiny 1)
a: Renounce Religion, Fiery Armour, Foxfire Swarm, Rising Flame


You were on level 3 of the Dungeon.
You worshipped Ignis.
Ignis was greatly pleased with you.
You were a tree.
You visited 1 branch of the dungeon, and saw 3 of its levels.

You collected 75 gold pieces.

Inventory:

Hand Weapons
 a - a -1 hand axe of flaming
 c - a +0 hand axe (weapon)
Missiles
 n - a throwing net (quivered)
Armour
 b - a +0 robe
 e - a +0 pair of gloves (melded)
 l - a +0 plate armour (melded)
Jewellery
 j - an amulet of reflection (around neck)
 k - a ring of wizardry
 m - a ring of magical power (left branch)
Scrolls
 o - a scroll of fear
 q - a scroll of brand weapon {unknown}
 r - 2 scrolls of blinking
Potions
 d - a potion of degeneration
 h - a potion of attraction


   Skills:
 - Level 3.0 Fighting
 + Level 6.1 Axes
 - Level 1.0 Spellcasting
 - Level 2.6 Fire Magic


You had 6 spell levels left.
You didn't know any spells.
Your spell library contained the following spells:

 Spells                   Type           Power      Damage    Failure   Level
 Scorch                   Fire           24%        2d6       13%         2


Dungeon Overview and Level Annotations

Branches:
Dungeon (3/15)

Altars:
Ru


Innate Abilities, Weirdness & Mutations

You are a tree.
Your roots penetrate the ground, keeping you stationary.
You cannot be teleported.
You are immune to unholy pain and torment.
Your maximum health is greatly increased.
Your equipment is partially melded.
((You have sharp fingernails.))
((You are partially covered in yellow scales. (AC +2)))
((You are partially covered in sharp spines.))


Message History

The foxfire hits Terence but does no damage.
You hit Terence but do no damage.
You feel sick. Terence hits you but does no damage.
You are lethally poisoned!
Terence is burned by your cloak of flames.
You barely miss Terence.
* * * LOW HITPOINT WARNING * * *
You feel sick. Terence hits you but does no damage.
Okay, then.
It was a potion of berserk rage.
A red film seems to cover your vision as you go berserk!
You feel yourself moving faster!
You feel mighty!
You feel sick.
You hit Terence.
* * * LOW HITPOINT WARNING * * *
You feel sick. Terence hits you but does no damage.
Terence is burned by your cloak of flames.
You kill Terence!
No target in view!
No target in view!
You are too berserk!
You start resting.
You feel sick.
You feel a strong urge to attack something.
You feel sick.
You start resting.
You feel sick.
You feel your anger nearly subside.
You are no longer berserk.
You are exhausted.
You feel yourself slow down.
There is a lethal amount of poison in your body!
There is a lethal amount of poison in your body!
It was a potion of brilliance.
You feel clever all of a sudden.
* * * LOW HITPOINT WARNING * * *
You feel sick.
* * * LOW HITPOINT WARNING * * *
You feel sick.
* * * LOW HITPOINT WARNING * * *
You feel sick.
* * * LOW HITPOINT WARNING * * *
You feel sick.
You die... ## . # # # #. ~PPP#

# . # P~~~~ #.#. .###
~♣~~~ #..#######...
♣♣♣♣ #.)..#....# ♣~
#†♣.#... ♣P #.†#.#.#
#.~ ~♣♣♣♣~ #...#...#
#.# P~~~♣~ .....##.##
#.# .~~~P~ #.#.### #.#
#.# #.~PPP # #. #.#
#.# #.###.
#.#####.#####.# #.# #.
...........##.# #.# #.
##########.##.###.###.


There were no monsters in sight!

Vanquished Creatures
  Sigmund (D:2)
  Terence (D:3)
  3 adders
  3 dart slugs
  3 orcs (D:3)
  2 bats
  3 endoplasms
  4 giant cockroaches
  5 hobgoblins
  6 jackals
  3 quokkas
  7 ball pythons
  A frilled lizard (D:3)
  4 kobolds
  8 rats
54 creatures vanquished.

Vanquished Creatures (others)
  32 foxfires
  2 plants (D:3)
34 creatures vanquished.

Grand Total: 88 creatures vanquished

Notes
Turn   | Place    | Note
-------+----------+-------------------------------------------
     0 | D:1      | theswoord the Demonspawn Cinder Acolyte began the quest for
                  | the Orb.
     0 | D:1      | Reached XP level 1. HP: 18/18 MP: 2/2
    44 | D:1      | Reached skill level 3 in Axes
   365 | D:1      | Gained mutation: You are partially covered in sharp spines.
                  | [demonic ancestry]
   365 | D:1      | Reached XP level 2. HP: 21/24 MP: 3/3
   859 | D:2      | Gained mutation: You have sharp fingernails. [demonic
                  | ancestry]
   859 | D:2      | Reached XP level 3. HP: 13/29 MP: 4/4
   964 | D:2      | Reached skill level 4 in Axes
   988 | D:2      | Found a sacrificial altar of Ru.
  1027 | D:2      | Noticed Sigmund
  1035 | D:2      | Killed Sigmund
  1036 | D:2      | Reached skill level 5 in Axes
  1036 | D:2      | Reached XP level 4. HP: 29/35 MP: 5/5
  1036 | D:2      | Gained mutation: You are partially covered in yellow
                  | scales. (AC +2) [demonic ancestry]
  1036 | D:2      | Reached XP level 5. HP: 34/41 MP: 6/6
  1739 | D:3      | Reached skill level 6 in Axes
  1763 | D:3      | Noticed Terence
  1788 | D:3      | Killed Terence
  1793 | D:3      | HP: 3/61 [poisoned by Terence]
  1795 | D:3      | HP: 1/61 [poisoned by Terence]
  1797 | D:3      | Succumbed to Terence's poison

Skill      XL: |  1  2  3  4  5 |
---------------+----------------+-----
Axes           | 3 5 6 |  6.1
Fighting       | |  3.0
Spellcasting   | |  1.0
Fire Magic     | |  2.6

Action                     |  1- 3 |  4- 6 || total
---------------------------+-------+-------++-------
  Melee: Hand axe          |    69 |    60 ||   129
         Punch             |       |     1 ||     1
 Invoke: Foxfire Swarm     |     1 |     1 ||     2
         Fiery Armour      |       |     1 ||     1
    Use: Scroll            |     2 |     3 ||     5
         Potion            |       |     7 ||     7
 Armour: Robe              |     9 |     4 ||    13
         Plate armour      |       |    19 ||    19
         Skin              |       |     7 ||     7
  Dodge: Dodged            |    37 |    12 ||    49
  Block: Other             |     7 |    13 ||    20
         Reflection        |       |     1 ||     1

Levels and vault maps discovered:
D:1:      spicycebolla_green_bress_n_ham, layout_basic
D:2:      layout_rooms, basic_altar, roderic_roman_lattice, st_stairs_1,
          uniq_sigmund
D:3:      layout_loops_ring, serial_bayou_pond_c, uniq_terence
